 Dungeon Crawl Stone Soup version 0.25.1-9-gc5326a611f (webtiles) character file.

Game seed: 2974247720830092153

291 KlarStein the Ruffian (level 6, 0/52 HPs)
             Began as a Ghoul Gladiator on Jan 4, 2021.
             Slain by a leopard gecko skeleton (2 damage)
             ... on level 5 of the Dungeon.
             The game lasted 00:10:49 (3116 turns).

KlarStein the Ruffian (Ghoul Gladiator)             Turns: 3116, Time: 00:10:49

Health: 0/52       AC:  6    Str: 18    XL:     6   Next: 32%
Magic:  5/5        EV: 13    Int:  3    God:
Gold:   127        SH:  0    Dex: 12    Spells: 5/5 levels left

rFire    . . .     SeeInvis .     - Unarmed
rCold    + . .     Gourm    .   (no shield)
rNeg     + + +     Faith    .   a - +0 leather armour
rPois    ∞         Spirit   .   b - +0 helmet
rElec    .         Reflect  .   k - +0 cloak
rCorr    .         Harm     .   (no gloves)
MR       .....                  f - +0 pair of boots
Stlth    ++........             (no amulet)
HPRegen  0.00/turn              (no ring)
MPRegen  0.09/turn              (no ring)

@: rotting
A: rotting body, claws 1, carnivore, cold resistance 1, negative energy
resistance 3, inhibited regeneration, torment resistance, unbreathing
a: no special abilities


You were on level 5 of the Dungeon.
You were not hungry.

You visited 1 branch of the dungeon, and saw 5 of its levels.

You collected 127 gold pieces.

Inventory:

Missiles
 c - 3 throwing nets (quivered)
Armour
 a - a +0 leather armour (worn)
 b - a +0 helmet (worn)
 f - a +0 pair of boots (worn)
 k - a +0 cloak (worn)
 o - a +0 buckler
Scrolls
 e - a scroll of identify
 h - a scroll of remove curse
Potions
 i - a potion of brilliance
 j - a potion of curing {unknown}
 l - a potion of magic {unknown}
 m - a potion of flight {unknown}
 p - a potion of heal wounds {unknown}
Comestibles
 d - 7 rations


   Skills:
 + Level 3.8 Fighting
 - Level 1.7 Throwing
 + Level 2.1 Armour
 + Level 3.6 Dodging
 + Level 2.9 Stealth
 + Level 4.4 Unarmed Combat


You had 5 spell levels left.
You didn't know any spells.
Your spell library was empty.

Dungeon Overview and Level Annotations

Branches:
Dungeon (4/15)
 Temple: D:4-7

Altars:
Elyvilon
Nemelex Xobeh
Vehumet


Innate Abilities, Weirdness & Mutations

Your body is rotting away.
You thrive on raw meat.
You are immune to poison.
You have sharp fingernails.
You are carnivorous and can eat meat at any time.
Your flesh is cold resistant. (rC+)
You are immune to negative energy. (rN+++)
You do not regenerate when monsters are visible.
You are immune to unholy pain and torment.
You can survive without breathing.


Message History

The leopard gecko skeleton closely misses you.
The jackal bites you but does no damage.
The jackal misses you.
You closely miss the jackal.
The jackal is almost dead.
The jackal bites you.
* * * LOW HITPOINT WARNING * * *
The jackal misses you. The leopard gecko skeleton bites you.
* * * LOW HITPOINT WARNING * * *
The jackal misses you. The jackal closely misses you.
You scratch the jackal.
You kill the jackal!
The jackal bites you.
* * * LOW HITPOINT WARNING * * *
The leopard gecko skeleton closely misses you.
The jackal closely misses you. x2
You scratch the jackal.
You kill the jackal!
The leopard gecko skeleton bites you.
You die...

##.#######
#...)@...#
#...h†Z..#
#........#
#........#
#........#
...........
###.........#
#.........#


You could see a jackal and a leopard gecko skeleton.

Vanquished Creatures
  An ogre (D:5)
  An orc wizard (D:3)
  A worker ant (D:3)
  Robin (D:2)
  2 adders (D:2)
  2 oozes (D:3)
  A dart slug (D:2)
  6 leopard geckos
  7 orcs
  8 bats
  4 giant cockroaches
  14 goblins
  11 hobgoblins
  11 jackals
  5 kobolds
  A quokka (D:2)
  4 ball pythons
  3 frilled lizards
  8 rats
91 creatures vanquished.

Notes
Turn   | Place    | Note
-------+----------+-------------------------------------------
     0 | D:1      | KlarStein the Ghoul Gladiator began the quest for the Orb.
     0 | D:1      | Reached XP level 1. HP: 17/17 MP: 0/0
   269 | D:1      | Reached XP level 2. HP: 25/25 MP: 1/1
   407 | D:1      | Reached skill level 1 in Stealth
   531 | D:1      | Reached XP level 3. HP: 21/30 MP: 2/2
  1052 | D:2      | Reached skill level 1 in Armour
  1438 | D:2      | Reached XP level 4. HP: 37/37 MP: 3/3
  1621 | D:2      | Noticed Robin
  1641 | D:2      | Killed Robin
  2190 | D:3      | Reached skill level 4 in Unarmed Combat
  2332 | D:3      | Found a white marble altar of Elyvilon.
  2386 | D:3      | Reached XP level 5. HP: 41/45 MP: 4/4
  2419 | D:3      | Found a radiant altar of Vehumet.
  2856 | D:4      | Found a sparkling altar of Nemelex Xobeh.
  3095 | D:4      | You fall into a shaft and drop 1 floor!
  3095 | D:5      | Entered Level 5 of the Dungeon
  3096 | D:5      | Noticed an ogre
  3105 | D:5      | Killed an ogre
  3105 | D:5      | Reached XP level 6. HP: 11/52 MP: 5/5
  3115 | D:5      | HP: 2/52 [jackal (1)]
  3116 | D:5      | Slain by a leopard gecko skeleton

Illustrated notes

Levels and vault maps discovered:
D:1:      zaba_arrival_water, layout_basic, minmay_statues_item,
          interstate_on_off, serial_park_tiny_2
D:2:      layout_basic, serial_rivers, chequers_serial_rivers_small_b,
          chequers_serial_rivers_micro_b, chequers_serial_rivers_room_a,
          chequers_serial_rivers_large_a, chequers_serial_rivers_micro_e,
          chequers_serial_rivers_small_a, uniq_robin
D:3:      layout_loops_ring, lemuel_coloured_pillars_altar, elyvilon_altar_1,
          kennysheep_generic_room_5
D:4:      cheibrodos_quashed, layout_loops_ring,
          nemelex_xobeh_ov_fountains_minmay, kennysheep_mini,
          fedhas_ov_isle_minmay
D:5:      layout_basic, grunt_gozag_statues, tgw_trog, kennysheep_slug_shrine,
          minmay_temple_entry_mini_moons, first_ration

Skill      XL: |  1  2  3  4  5 |
---------------+----------------+-----
Stealth        | 1 2 |  2.9
Armour         | 1 2 |  2.1
Dodging        | 3 |  3.6
Fighting       | 3 |  3.8
Unarmed Combat | 4 |  4.4
Throwing       | |  1.7

Action                   |  1- 3 |  4- 6 || total
-------------------------+-------+-------++-------
Melee: Unarmed           |   122 |   151 ||   273
       Punch             |     1 |     4 ||     5
  Use: Scroll            |     5 |     3 ||     8
 Stab: Sleeping          |       |     1 ||     1
  Eat: Chunk             |     4 |    12 ||    16
Armor: Leather armour    |    36 |    60 ||    96
Dodge: Dodged            |    76 |   111 ||   187
